 Dungeon Crawl Stone Soup version 0.29.1-14-g9c671dbff4 (webtiles) character file.

Game seed: 11921259518123706459

135 DemonSlayer the Digger (level 4, 0/30 HPs)
             Began as a Demonspawn Earth Elementalist on Feb 18, 2023.
             Slain by a river rat (4 damage)
             ... on level 4 of the Dungeon.
             The game lasted 00:06:35 (3441 turns).

DemonSlayer the Digger (DsEE)                       Turns: 3441, Time: 00:06:37

Health: 0/30       AC:  5    Str:  9    XL:     4   Next: 96%
Magic:  6/8        EV: 12    Int: 18    God:
Gold:   95         SH:  5    Dex: 13    Spells: 5/9 levels left

rFire   x . .      SeeInvis .   p - +0 sling
rCold   + . .      Faith    .   (no shield)
rNeg    + + +      Spirit   .   a - +0 robe
rPois   +          Reflect  +   (no helmet)
rElec   .          Harm     .   (no cloak)
rCorr   .          Rampage  .   r - +2 pair of gloves {hurl}
Will    .....                   (no boots)
Stlth   ++........              e - amulet of reflection
HPRegen 0.10/turn               t - ring "Siahywk" {Wiz rPois rF- rC+ rN+++}
MPRegen 0.11/turn               (no ring)

@: lethally poisoned (0 -> -4)
A: powered by pain 1, weakness stinger 1
a: no special abilities


You were on level 4 of the Dungeon.
You visited 1 branch of the dungeon, and saw 4 of its levels.

You collected 95 gold pieces.

Inventory:

Hand Weapons
 p - a +0 sling (weapon)
 u - a +2 dagger of venom
Missiles
 o - 2 curare-tipped darts
Armour
 a - a +0 robe (worn)
 r - a +2 pair of gloves of hurling (worn)
Jewellery
 e - an amulet of reflection (around neck)
 t - the ring "Siahywk" (left hand) {Wiz rPois rF- rC+ rN+++}
   (You found it on level 4 of the Dungeon)

   [ring of wizardry]

   It improves your spell success rate.
   rF:        It makes you vulnerable to fire.
   rC:        It protects you from cold.
   rPois:     It protects you from poison.
   rN:        It renders you almost immune to negative energy.
Scrolls
 d - a scroll of amnesia {unknown}
 f - a scroll of fear {unknown}
 j - a scroll of teleportation {unknown}
 k - 2 scrolls of blinking {unknown}
 q - 2 scrolls of summoning
 s - a scroll of fog {unknown}
Potions
 c - a potion of mutation {unknown}
 g - 2 potions of attraction
 i - a potion of flight {unknown}
 m - a potion of ambrosia
 n - a potion of curing {unknown}


   Skills:
 + Level 0.2 Ranged Weapons
 + Level 1.8 Dodging
 + Level 2.1 Stealth
 + Level 3.1 Spellcasting
 + Level 0.8 Transmutations
 + Level 4.3 Earth Magic


You had 5 spell levels left.
You knew the following spells:

 Your Spells              Type           Power      Damage    Failure   Level
a - Sandblast             Erth           36%        2d10      1%          1
b - Stone Arrow           Conj/Erth      20%        3d8       9%          3

Your spell library contained the following spells:

 Spells                   Type           Power      Damage    Failure   Level
 Passwall                 Tmut/Erth      10%        N/A       3%          2
 Dazzling Flash           Conj/Hex       4%         N/A       19%         3
 Petrify                  Tmut/Erth      12%        N/A       22%         4
 Iskenderun's Mystic Bla  Conj/Tloc      2%         2d3       52%         4
 Starburst                Conj/Fire      1%         6d3       100%        6


Dungeon Overview and Level Annotations

Branches:
Dungeon (4/15)
 Temple: D:4-7

Altars:

Shops:
D:2 [


Innate Abilities, Weirdness & Mutations

You sometimes gain a little power by taking damage.
You have a small tail.


Message History

The blast of sand hits the river rat.
The river rat is moderately wounded.
The adder misses you. The river rat bites you.
The adder bites you but does no damage. The river rat bites you.
The blast of sand hits the river rat.
The river rat is heavily wounded.
The adder bites you but does no damage. The river rat bites you.
The adder bites you but does no damage.
The blast of sand hits the river rat.
The river rat is severely wounded.
You block the adder's attack. The river rat bites you.
The adder bites you but does no damage. The river rat bites you.
You are too injured to fight recklessly!
You are too injured to fight recklessly!
You are too injured to fight recklessly!
Unknown command.
Magic courses through your body. The adder bites you. The river rat bites you.
* * * LOW HITPOINT WARNING * * *
Casting: Sandblast (safe; 1% risk of failure)
Confirm with . or Enter, or press ? or * to list all spells.
Aiming: Sandblast (safe; 1% risk of failure)
Press: ? - help, Shift-Dir - straight line, f - adder, p - river rat
Aim: an adder (70% to hit)
The blast of sand hits the adder.
The adder is severely wounded.
The adder bites you.
* * * LOW HITPOINT WARNING * * *
You are lethally poisoned!
The adder poisons you! The adder completely misses you.
The river rat bites you but does no damage.
Casting: Sandblast (safe; 1% risk of failure)
Confirm with . or Enter, or press ? or * to list all spells.
Aiming: Sandblast (safe; 1% risk of failure)
Press: ? - help, Shift-Dir - straight line, f/p - adder
Aim: an adder (severely wounded, 70% to hit)
The blast of sand hits the adder!
You kill the adder!
* * * LOW HITPOINT WARNING * * *
You feel sick. The river rat bites you.
You die...

####.# ...#.#
...#.## ....#.####
...###...# ###
....#.##.# ##.##
...)..##.###.#.###
............###>.#
..#...##.#†..#..@#
####.###.#.....r.#
...#
#.........†......
#####
###......<.......
.............~..
.#.........~~~~~
##.....#####~#~
#.#.#. ~~~ #.###(
##


You could see a river rat.

Vanquished Creatures
  A hound (D:4)
  2 adders
  2 river rats (D:4)
  A worm (D:3)
  A dart slug (D:3)
  An orc (D:3)
  7 endoplasms
  2 giant cockroaches (D:3)
  6 goblins
  7 hobgoblins
  4 jackals (D:3)
  4 kobolds
  8 quokkas
  6 ball pythons
  4 bats
  3 frilled lizards
  5 rats
64 creatures vanquished.

Notes
Turn   | Place    | Note
-------+----------+-------------------------------------------
     0 | D:1      | DemonSlayer the Demonspawn Earth Elementalist began the
                  | quest for the Orb.
     0 | D:1      | Reached XP level 1. HP: 13/13 MP: 3/3
    99 | D:1      | Reached skill level 3 in Earth Magic
   152 | D:1      | Gained mutation: You sometimes gain a little power by
                  | taking damage. [demonic ancestry]
   152 | D:1      | Reached XP level 2. HP: 12/19 MP: 1/5
  1229 | D:2      | Reached XP level 3. HP: 24/24 MP: 4/6
  1366 | D:2      | Found Icvuud's Armour Shoppe.
  1591 | D:2      | Found a faded altar of an unknown god.
  1917 | D:2      | Learned a level 3 spell: Stone Arrow
  2276 | D:3      | Reached skill level 4 in Earth Magic
  2276 | D:3      | Gained mutation: You have a small tail. [demonic ancestry]
  2276 | D:3      | Reached XP level 4. HP: 30/30 MP: 5/7
  3389 | D:4      | Identified the ring "Siahywk" {Wiz rPois rF- rC+ rN+++}
  3441 | D:4      | Slain by a river rat

Illustrated notes

Levels and vault maps discovered:
D:1:      ncdulo_watergridlock, layout_basic
D:2:      layout_basic, hellmonk_ecumenical_altar_crossroads, serial_shops, shop
D:3:      layout_basic, mainiacjoe_overflow_boulevard
D:4:      layout_loops_ring, lemuel_zombie_altar_kikubaaqudgha,
          lightli_sewer_entry_pipes, kennysheep_another_room

Skill      XL: |  1  2  3  4 |
---------------+-------------+-----
Earth Magic    | 3 4 |  4.3
Stealth        | 2 |  2.1
Spellcasting   | 3 |  3.1
Ranged Weapons | |  0.2
Dodging        | |  1.8
Transmutations | |  0.8

Action                   |  1- 3 |  4- 6 || total
-------------------------+-------+-------++-------
Melee: Dagger            |     4 |       ||     4
 Fire: Sling             |       |     8 ||     8
 Cast: Sandblast         |    62 |    23 ||    85
  Use: Scroll            |     3 |     1 ||     4
       Potion            |       |     2 ||     2
Armor: Robe              |    12 |     8 ||    20
Dodge: Dodged            |    25 |     7 ||    32
Block: Other             |       |     4 ||     4
